[ AOE2 MATCH · #473950623 ]
UnrankedPersians vs Spanish
[ REPLAY ANALYSIS · EXTRACTED FROM THE RECORDED GAME ]
Feudal
10:27
Castle
14:04
Imperial
33:24
| APM avg | 61.0 |
| APM peak | 128 |
| eAPM avg | 30.7 |
| Villagers / military | 152 / 128 |
Focus
⚔️ 43.8% · 🌾 56.2%
Skirmisher ×105 · Mangonel ×16 · Scorpion ×3 · Battering Ram ×2 · Archer ×1 · Spearman ×1
Feudal
8:56
Castle
18:12
Imperial
32:08
| APM avg | 39.6 |
| APM peak | 81 |
| eAPM avg | 23.3 |
| Villagers / military | 173 / 95 |
Focus
⚔️ 28.6% · 🌾 71.4%
Conquistador ×71 · Battering Ram ×8 · Bombard Cannon ×6 · Spearman ×3 · Trebuchet (Packed) ×3 · Petard ×2
Feudal
—
Castle
—
Imperial
—
| APM avg | 56.8 |
| APM peak | 90 |
| eAPM avg | 26.2 |
| Villagers / military | 110 / 129 |
Focus
⚔️ 21.8% · 🌾 78.2%
Archer ×81 · Longbowman ×39 · Knight ×7 · Spearman ×2
Feudal
11:09
Castle
14:45
Imperial
31:38
| APM avg | 31.6 |
| APM peak | 77 |
| eAPM avg | 16.9 |
| Villagers / military | 132 / 97 |
Focus
⚔️ 32.1% · 🌾 67.9%
Hussite Wagon ×88 · Trebuchet (Packed) ×7 · Monk ×2
Feudal
10:56
Castle
18:59
Imperial
33:29
| APM avg | 69.5 |
| APM peak | 152 |
| eAPM avg | 30.4 |
| Villagers / military | 224 / 154 |
Focus
⚔️ 34.0% · 🌾 66.0%
Knight ×84 · Spearman ×59 · Obuch ×4 · Scout Cavalry ×4 · Trebuchet (Packed) ×3
Feudal
10:57
Castle
14:52
Imperial
36:28
| APM avg | 54.2 |
| APM peak | 104 |
| eAPM avg | 24.3 |
| Villagers / military | 151 / 0 |
Focus
⚔️ 32.9% · 🌾 67.1%
Unknown (1968) ×103 · Unknown (1942) ×10
Feudal
11:24
Castle
15:44
Imperial
38:01
| APM avg | 34.1 |
| APM peak | 90 |
| eAPM avg | 18.7 |
| Villagers / military | 100 / 82 |
Focus
⚔️ 21.6% · 🌾 78.4%
Spearman ×76 · Knight ×6
Feudal
9:27
Castle
21:43
Imperial
35:36
| APM avg | 26.7 |
| APM peak | 55 |
| eAPM avg | 15.2 |
| Villagers / military | 123 / 122 |
Focus
⚔️ 32.0% · 🌾 68.0%
Scout Cavalry ×82 · Knight ×40
Match map
Initial resources + every placement click. Lines = walls · curves = elevation contours. ◆ gold · ⬟ stone · ● berries · ✦ relic · ◌ wall gap
Your base· ✓ Closed at 14:04 · 6t walls · 1 gate(s)
ImPerez22's base· Open — 1t gap
xX ErCabEe Xx's base· ✓ Closed at 18:50 · 3t walls · 1 gate(s)
I'm The Viper's base· ✓ Closed at 14:45 · 8t walls · 1 gate(s)
TmZ_ĐЯEW ♚☯'s base· ✓ Closed at 18:59 · 11t walls · 1 gate(s)
EXILE | TurtleS3's base· ✓ Closed at 14:52 · 4t walls · 1 gate(s)
chalker~'s base· ✓ Closed at 15:44 · 6t walls · 1 gate(s)
Ivan_fan_of_Mafusail's base· ✓ Closed at 21:43 · 0t walls · 1 gate(s)
Smoothed initial terrain · ◌ = detected wall gap · hover for details
Inputs per minute
— [FeiFe]Liber - - ImPerez22
Build order — [FeiFe]Liber
First 150 of 439 actions detected
| 0:01 | Create | Villager (Male) |
| 0:02 | Build | House |
| 0:03 | Build | House |
| 0:23 | Create | Villager (Male) |
| 0:23 | Create | Villager (Male) |
| 0:23 | Create | Villager (Male) |
| 0:23 | Create | Villager (Male) |
| 1:29 | Create | Villager (Male) |
| 1:29 | Create | Villager (Male) |
| 1:40 | Build | Lumber Camp |
| 2:24 | Create | Villager (Male) |
| 2:24 | Create | Villager (Male) |
| 2:49 | Create | Villager (Male) |
| 2:55 | Create | Villager (Male) |
| 2:55 | Create | Villager (Male) |
| 3:22 | Build | House |
| 3:29 | Create | Villager (Male) |
| 3:29 | Create | Villager (Male) |
| 3:35 | Create | Villager (Male) |
| 3:36 | Create | Villager (Male) |
| 3:44 | Build | House |
| 4:04 | Build | Mill |
| 4:10 | Build | Mill |
| 4:42 | Create | Villager (Male) |
| 4:42 | Create | Villager (Male) |
| 4:42 | Create | Villager (Male) |
| 5:33 | Create | Villager (Male) |
| 5:39 | Build | Palisade Wall |
| 5:45 | Create | Villager (Male) |
| 5:52 | Create | Villager (Male) |
| 6:04 | Build | Farm |
| 6:15 | Build | Palisade Wall |
| 6:15 | Build | Palisade Wall |
| 6:29 | Create | Villager (Male) |
| 6:41 | Build | Palisade Gate |
| 7:03 | Create | Villager (Male) |
| 7:12 | Build | Palisade Wall |
| 7:19 | Create | Villager (Male) |
| 7:22 | Create | Villager (Male) |
| 8:10 | Build | Mining Camp |
| 8:19 | Create | Villager (Male) |
| 8:22 | Research | Feudal Age |
| 8:39 | Build | Farm |
| 9:16 | Build | Palisade Wall |
| 9:21 | Create | Villager (Male) |
| 9:31 | Build | Farm |
| 9:37 | Build | House |
| 9:41 | Create | Villager (Male) |
| 10:27 | Age | Feudal Age |
| 10:33 | Build | Blacksmith |
| 10:40 | Build | Market |
| 11:13 | Create | Villager (Male) |
| 11:38 | Research | Castle Age |
| 11:52 | Build | House |
| 12:34 | Research | Double-Bit Axe |
| 12:35 | Research | Horse Collar |
| 13:13 | Research | Loom |
| 14:02 | Create | Villager (Male) |
| 14:04 | Age | Castle Age |
| 14:08 | Build | Town Center |
| 14:15 | Build | Siege Workshop |
| 14:38 | Research | Bow Saw |
| 14:39 | Create | Villager (Male) |
| 15:01 | Create | Mangonel |
| 15:12 | Create | Villager (Male) |
| 15:15 | Build | Farm |
| 15:16 | Create | Villager (Male) |
| 15:33 | Create | Villager (Male) |
| 15:39 | Build | Farm |
| 15:45 | Build | House |
| 15:46 | Build | House |
| 15:56 | Create | Villager (Male) |
| 16:00 | Create | Mangonel |
| 16:06 | Create | Villager (Male) |
| 16:06 | Create | Villager (Male) |
| 16:11 | Build | Farm |
| 16:34 | Create | Villager (Male) |
| 16:37 | Create | Villager (Male) |
| 16:43 | Create | Villager (Male) |
| 16:47 | Build | Barracks |
| 16:55 | Create | Scorpion |
| 17:01 | Build | House |
| 17:03 | Build | House |
| 17:05 | Create | Villager (Male) |
| 17:11 | Create | Villager (Male) |
| 17:20 | Build | Farm |
| 17:23 | Build | Farm |
| 17:26 | Build | Farm |
| 17:28 | Build | Farm |
| 17:32 | Build | Farm |
| 17:34 | Build | Farm |
| 17:42 | Build | Farm |
| 17:43 | Create | Villager (Male) |
| 17:43 | Create | Villager (Male) |
| 17:56 | Create | Scorpion |
| 18:04 | Build | House |
| 18:10 | Build | Archery Range |
| 18:13 | Create | Villager (Male) |
| 18:13 | Create | Villager (Male) |
| 18:18 | Create | Villager (Male) |
| 18:18 | Create | Villager (Male) |
| 18:30 | Create | Villager (Male) |
| 18:30 | Create | Villager (Male) |
| 18:33 | Build | Farm |
| 18:34 | Build | Farm |
| 18:37 | Build | Farm |
| 18:38 | Build | Farm |
| 18:38 | Build | Farm |
| 18:46 | Create | Villager (Male) |
| 18:46 | Create | Villager (Male) |
| 19:00 | Build | Archery Range |
| 19:02 | Create | Villager (Male) |
| 19:03 | Create | Villager (Male) |
| 19:06 | Build | Farm |
| 19:06 | Build | Farm |
| 19:20 | Create | Villager (Male) |
| 19:21 | Create | Villager (Male) |
| 19:26 | Create | Scorpion |
| 19:27 | Create | Villager (Male) |
| 19:27 | Create | Villager (Male) |
| 19:31 | Build | House |
| 19:33 | Build | House |
| 19:34 | Build | House |
| 19:35 | Build | House |
| 19:36 | Build | House |
| 19:36 | Build | House |
| 19:44 | Create | Villager (Male) |
| 19:44 | Create | Villager (Male) |
| 19:48 | Build | Farm |
| 19:48 | Create | Villager (Male) |
| 19:57 | Create | Skirmisher |
| 19:57 | Create | Skirmisher |
| 20:10 | Create | Villager (Male) |
| 20:14 | Create | Villager (Male) |
| 20:30 | Create | Villager (Male) |
| 20:30 | Create | Villager (Male) |
| 20:38 | Build | Farm |
| 20:38 | Build | Farm |
| 20:38 | Build | Farm |
| 20:39 | Build | Farm |
| 20:44 | Research | Elite Skirmisher (upgrade) |
| 20:44 | Research | Elite Skirmisher (upgrade) |
| 20:45 | Research | Elite Skirmisher (upgrade) |
| 20:49 | Build | House |
| 21:09 | Create | Villager (Male) |
| 21:10 | Create | Villager (Male) |
| 21:11 | Create | Skirmisher |
| 21:12 | Create | Skirmisher |
| 21:22 | Create | Villager (Male) |
| 21:22 | Create | Villager (Male) |
Build order — ImPerez22
First 150 of 443 actions detected
| 0:01 | Create | Villager (Male) |
| 0:01 | Create | Villager (Male) |
| 0:01 | Create | Villager (Male) |
| 0:02 | Create | Villager (Male) |
| 0:02 | Create | Villager (Male) |
| 0:03 | Build | House |
| 0:03 | Build | House |
| 0:05 | Build | House |
| 1:36 | Create | Villager (Male) |
| 1:37 | Create | Villager (Male) |
| 1:48 | Create | Villager (Male) |
| 1:49 | Create | Villager (Male) |
| 2:01 | Build | Lumber Camp |
| 2:04 | Create | Villager (Male) |
| 2:05 | Create | Villager (Male) |
| 2:51 | Create | Villager (Male) |
| 2:51 | Create | Villager (Male) |
| 3:05 | Create | Villager (Male) |
| 3:05 | Create | Villager (Male) |
| 3:36 | Create | Villager (Male) |
| 3:55 | Build | Mill |
| 3:57 | Create | Villager (Male) |
| 3:58 | Create | Villager (Male) |
| 4:28 | Create | Villager (Male) |
| 4:53 | Create | Villager (Male) |
| 5:18 | Build | House |
| 5:23 | Create | Villager (Male) |
| 5:44 | Research | Loom |
| 5:44 | Create | Villager (Male) |
| 6:02 | Build | House |
| 6:46 | Research | Feudal Age |
| 6:46 | Research | Feudal Age |
| 6:52 | Build | Mining Camp |
| 8:08 | Build | Barracks |
| 8:15 | Create | Villager (Male) |
| 8:56 | Age | Feudal Age |
| 8:58 | Create | Villager (Male) |
| 9:05 | Build | Gate |
| 9:07 | Build | Stone Wall |
| 9:11 | Build | Stable |
| 9:32 | Build | Lumber Camp |
| 9:40 | Create | Villager (Male) |
| 9:54 | Create | Scout Cavalry |
| 10:00 | Create | Villager (Male) |
| 10:13 | Create | Scout Cavalry |
| 10:24 | Create | Villager (Male) |
| 10:42 | Create | Spearman |
| 10:54 | Create | Villager (Male) |
| 11:19 | Create | Villager (Male) |
| 11:27 | Build | Market |
| 11:30 | Build | Farm |
| 11:32 | Research | Horse Collar |
| 11:32 | Research | Horse Collar |
| 11:50 | Create | Villager (Male) |
| 11:52 | Build | Farm |
| 11:53 | Build | Farm |
| 12:07 | Create | Villager (Male) |
| 12:19 | Build | House |
| 12:25 | Build | House |
| 12:29 | Build | House |
| 12:44 | Create | Villager (Male) |
| 12:45 | Build | Farm |
| 13:07 | Create | Villager (Male) |
| 13:26 | Build | Farm |
| 13:26 | Build | Farm |
| 13:33 | Create | Villager (Male) |
| 13:42 | Build | House |
| 13:44 | Build | Farm |
| 14:00 | Create | Villager (Male) |
| 14:06 | Build | Mining Camp |
| 14:21 | Build | Farm |
| 14:30 | Create | Villager (Male) |
| 15:03 | Create | Villager (Male) |
| 15:32 | Research | Castle Age |
| 15:33 | Research | Castle Age |
| 16:17 | Research | Gold Mining |
| 17:03 | Research | Stone Mining |
| 17:04 | Research | Stone Mining |
| 17:26 | Build | Outpost |
| 17:28 | Build | Outpost |
| 17:29 | Build | Outpost |
| 18:02 | Build | Stone Wall |
| 18:04 | Create | Spearman |
| 18:07 | Create | Villager (Male) |
| 18:12 | Age | Castle Age |
| 18:17 | Build | Town Center |
| 18:26 | Build | Town Center |
| 18:28 | Create | Villager (Male) |
| 18:55 | Build | Farm |
| 18:58 | Build | Farm |
| 19:00 | Build | Farm |
| 19:04 | Build | Farm |
| 19:06 | Build | Farm |
| 19:11 | Create | Villager (Male) |
| 19:22 | Research | Double-Bit Axe |
| 19:23 | Research | Double-Bit Axe |
| 19:24 | Create | Villager (Male) |
| 19:30 | Create | Villager (Male) |
| 19:35 | Build | Farm |
| 19:35 | Build | Farm |
| 19:38 | Build | Farm |
| 19:42 | Create | Villager (Male) |
| 19:48 | Create | Villager (Male) |
| 19:49 | Create | Villager (Male) |
| 19:56 | Build | Outpost |
| 19:58 | Build | Outpost |
| 19:59 | Build | Outpost |
| 20:01 | Build | Outpost |
| 20:04 | Create | Villager (Male) |
| 20:04 | Create | Villager (Male) |
| 20:21 | Create | Villager (Male) |
| 20:22 | Create | Villager (Male) |
| 20:22 | Create | Villager (Male) |
| 20:25 | Build | Farm |
| 20:26 | Create | Villager (Male) |
| 20:39 | Create | Villager (Male) |
| 20:46 | Build | Farm |
| 20:47 | Build | Farm |
| 20:48 | Build | Farm |
| 20:50 | Create | Villager (Male) |
| 20:53 | Build | Farm |
| 20:55 | Build | Farm |
| 21:00 | Create | Villager (Male) |
| 21:13 | Create | Villager (Male) |
| 21:16 | Build | Town Center |
| 21:27 | Create | Villager (Male) |
| 21:30 | Build | Farm |
| 21:31 | Build | Farm |
| 21:36 | Create | Villager (Male) |
| 21:36 | Create | Villager (Male) |
| 21:48 | Create | Villager (Male) |
| 21:48 | Create | Villager (Male) |
| 21:55 | Research | Bow Saw |
| 21:55 | Research | Bow Saw |
| 22:02 | Create | Villager (Male) |
| 22:04 | Build | Farm |
| 22:12 | Create | Villager (Male) |
| 22:12 | Create | Villager (Male) |
| 22:16 | Create | Villager (Male) |
| 22:16 | Create | Villager (Male) |
| 22:25 | Create | Villager (Male) |
| 22:25 | Create | Villager (Male) |
| 22:29 | Build | Farm |
| 22:32 | Create | Villager (Male) |
| 22:34 | Build | House |
| 22:35 | Build | House |
| 22:38 | Create | Villager (Male) |
| 22:47 | Create | Villager (Male) |
| 22:48 | Create | Villager (Male) |
| 22:51 | Build | Lumber Camp |
Build order — xX ErCabEe Xx
First 150 of 355 actions detected
| 0:01 | Create | Villager (Male) |
| 0:01 | Create | Villager (Male) |
| 0:02 | Build | House |
| 0:04 | Build | House |
| 0:27 | Create | Villager (Male) |
| 0:27 | Create | Villager (Male) |
| 0:27 | Create | Villager (Male) |
| 0:43 | Create | Villager (Male) |
| 1:21 | Create | Villager (Male) |
| 1:22 | Create | Villager (Male) |
| 1:22 | Create | Villager (Male) |
| 1:25 | Build | Lumber Camp |
| 1:38 | Create | Villager (Male) |
| 1:38 | Create | Villager (Male) |
| 2:23 | Create | Villager (Male) |
| 2:23 | Create | Villager (Male) |
| 2:38 | Create | Villager (Male) |
| 3:12 | Create | Villager (Male) |
| 3:25 | Create | Villager (Male) |
| 3:56 | Build | House |
| 4:06 | Create | Villager (Male) |
| 4:38 | Build | House |
| 4:40 | Create | Villager (Male) |
| 5:13 | Build | Palisade Wall |
| 5:15 | Build | Palisade Gate |
| 5:17 | Build | House |
| 5:19 | Create | Villager (Male) |
| 5:43 | Create | Villager (Male) |
| 6:12 | Create | Villager (Male) |
| 6:27 | Build | Mill |
| 6:38 | Create | Villager (Male) |
| 7:03 | Create | Villager (Male) |
| 7:08 | Research | Feudal Age |
| 7:09 | Research | Feudal Age |
| 7:43 | Build | Barracks |
| 8:45 | Build | House |
| 8:50 | Create | Villager (Male) |
| 8:50 | Create | Villager (Male) |
| 8:56 | Build | Mining Camp |
| 9:28 | Create | Villager (Male) |
| 9:36 | Build | Archery Range |
| 9:42 | Create | Villager (Male) |
| 10:13 | Research | Double-Bit Axe |
| 10:33 | Create | Archer |
| 10:33 | Create | Archer |
| 10:34 | Create | Archer |
| 11:02 | Build | Lumber Camp |
| 11:06 | Create | Villager (Male) |
| 11:07 | Create | Villager (Male) |
| 11:07 | Create | Villager (Male) |
| 11:33 | Build | Blacksmith |
| 11:37 | Build | Farm |
| 11:41 | Create | Villager (Male) |
| 11:41 | Create | Villager (Male) |
| 11:45 | Create | Archer |
| 12:20 | Build | Farm |
| 12:21 | Create | Villager (Male) |
| 12:24 | Build | Farm |
| 12:33 | Create | Villager (Male) |
| 12:36 | Build | Farm |
| 12:38 | Create | Archer |
| 12:45 | Research | Fletching |
| 12:49 | Build | Farm |
| 13:15 | Create | Archer |
| 13:18 | Build | House |
| 13:19 | Build | House |
| 14:04 | Build | Farm |
| 14:06 | Build | Farm |
| 14:07 | Build | Farm |
| 14:08 | Create | Villager (Male) |
| 14:09 | Create | Villager (Male) |
| 14:10 | Create | Archer |
| 14:21 | Build | Farm |
| 14:22 | Create | Villager (Male) |
| 14:23 | Create | Villager (Male) |
| 14:40 | Create | Spearman |
| 14:56 | Create | Villager (Male) |
| 14:58 | Create | Archer |
| 15:27 | Create | Villager (Male) |
| 15:27 | Create | Villager (Male) |
| 15:50 | Build | Farm |
| 15:53 | Build | Farm |
| 15:54 | Research | Horse Collar |
| 16:31 | Build | Farm |
| 17:08 | Build | Archery Range |
| 17:53 | Create | Archer |
| 17:55 | Create | Archer |
| 17:59 | Create | Villager (Male) |
| 18:13 | Build | Market |
| 18:17 | Build | Farm |
| 18:25 | Create | Spearman |
| 18:31 | Build | House |
| 18:31 | Build | House |
| 18:50 | Research | Castle Age |
| 19:03 | Research | Gold Mining |
| 19:16 | Create | Archer |
| 19:16 | Create | Archer |
| 19:21 | Create | Archer |
| 19:21 | Create | Archer |
| 19:21 | Create | Archer |
| 19:22 | Create | Archer |
| 19:22 | Create | Archer |
| 19:25 | Research | Padded Archer Armor |
| 20:14 | Create | Archer |
| 20:14 | Create | Archer |
| 20:36 | Build | Stable |
| 20:55 | Create | Archer |
| 21:10 | Build | Stone Wall |
| 21:14 | Build | Gate |
| 21:23 | Create | Archer |
| 21:23 | Create | Archer |
| 21:31 | Build | House |
| 21:31 | Build | House |
| 21:35 | Build | Town Center |
| 21:43 | Create | Knight |
| 21:43 | Create | Knight |
| 21:53 | Research | Crossbowman (upgrade) |
| 21:59 | Research | Bodkin Arrow |
| 22:08 | Create | Knight |
| 22:16 | Create | Archer |
| 22:16 | Create | Archer |
| 22:16 | Create | Archer |
| 22:18 | Create | Villager (Male) |
| 22:19 | Create | Villager (Male) |
| 22:19 | Create | Villager (Male) |
| 22:40 | Create | Knight |
| 23:16 | Create | Villager (Male) |
| 23:16 | Create | Villager (Male) |
| 23:20 | Build | Gate |
| 23:26 | Create | Knight |
| 23:26 | Create | Knight |
| 23:42 | Create | Knight |
| 23:44 | Build | Farm |
| 23:51 | Create | Villager (Male) |
| 23:51 | Create | Villager (Male) |
| 23:54 | Build | House |
| 23:55 | Build | House |
| 24:11 | Create | Archer |
| 24:12 | Create | Archer |
| 24:12 | Create | Archer |
| 24:14 | Build | University |
| 24:29 | Create | Villager (Male) |
| 24:30 | Create | Villager (Male) |
| 24:44 | Create | Archer |
| 24:44 | Create | Archer |
| 24:53 | Create | Villager (Male) |
| 24:53 | Create | Villager (Male) |
| 25:15 | Build | Town Center |
| 25:18 | Build | House |
| 25:29 | Research | Ballistics |
Build order — I'm The Viper
First 150 of 356 actions detected
| 0:00 | Create | Villager (Male) ×4 |
| 0:01 | Build | House |
| 0:04 | Build | House |
| 1:25 | Create | Villager (Male) |
| 1:57 | Build | Lumber Camp |
| 2:00 | Create | Villager (Male) |
| 2:21 | Create | Villager (Male) |
| 2:37 | Build | House |
| 2:39 | Build | Palisade Wall |
| 2:40 | Build | Palisade Wall |
| 2:41 | Build | Palisade Wall |
| 3:02 | Create | Villager (Male) |
| 3:25 | Create | Villager (Male) |
| 3:37 | Build | Palisade Wall |
| 3:38 | Build | Palisade Wall |
| 3:50 | Create | Villager (Male) |
| 3:55 | Build | Palisade Wall |
| 4:00 | Build | Palisade Wall |
| 4:12 | Create | Villager (Male) |
| 4:17 | Build | Palisade Gate |
| 4:36 | Create | Villager (Male) |
| 4:43 | Build | Palisade Wall |
| 5:05 | Build | House |
| 5:10 | Create | Villager (Male) |
| 5:24 | Create | Villager (Male) |
| 5:32 | Build | House |
| 5:39 | Create | Villager (Male) |
| 6:01 | Build | Mill |
| 6:21 | Create | Villager (Male) |
| 6:35 | Build | Mining Camp |
| 6:45 | Create | Villager (Male) |
| 7:12 | Create | Villager (Male) |
| 7:38 | Create | Villager (Male) |
| 8:09 | Create | Villager (Male) |
| 8:31 | Create | Villager (Male) |
| 8:38 | Build | Farm |
| 8:46 | Build | Mining Camp |
| 8:53 | Research | Feudal Age |
| 9:56 | Create | Villager (Male) |
| 10:09 | Research | Loom |
| 11:09 | Age | Feudal Age |
| 11:12 | Build | Market |
| 11:17 | Build | Blacksmith |
| 11:42 | Build | House |
| 11:43 | Build | House |
| 12:05 | Research | Castle Age |
| 12:41 | Research | Double-Bit Axe |
| 13:06 | Build | House |
| 14:13 | Create | Villager (Male) |
| 14:45 | Age | Castle Age |
| 14:56 | Build | Town Center |
| 15:05 | Build | Castle |
| 15:09 | Create | Villager (Male) |
| 15:13 | Research | Bow Saw |
| 15:30 | Create | Villager (Male) |
| 16:04 | Create | Villager (Male) |
| 16:20 | Create | Villager (Male) |
| 16:20 | Create | Villager (Male) |
| 16:30 | Build | Town Center |
| 16:37 | Build | Farm |
| 16:43 | Build | Farm |
| 16:45 | Create | Villager (Male) |
| 16:46 | Create | Villager (Male) |
| 16:53 | Build | Farm |
| 17:01 | Create | Hussite Wagon |
| 17:02 | Create | Hussite Wagon |
| 17:05 | Create | Villager (Male) |
| 17:11 | Create | Hussite Wagon |
| 17:35 | Create | Villager (Male) |
| 17:35 | Create | Hussite Wagon |
| 17:58 | Build | Monastery |
| 18:01 | Create | Villager (Male) |
| 18:01 | Create | Villager (Male) |
| 18:29 | Create | Villager (Male) |
| 18:29 | Create | Hussite Wagon |
| 18:30 | Create | Hussite Wagon |
| 18:38 | Build | Farm |
| 18:43 | Build | Farm |
| 18:45 | Create | Monk |
| 18:58 | Create | Villager (Male) |
| 18:58 | Create | Hussite Wagon |
| 18:59 | Create | Hussite Wagon |
| 19:06 | Create | Villager (Male) |
| 19:21 | Create | Villager (Male) |
| 19:22 | Create | Villager (Male) |
| 19:27 | Build | Farm |
| 19:38 | Create | Monk |
| 19:44 | Create | Hussite Wagon |
| 19:58 | Create | Villager (Male) |
| 19:59 | Create | Villager (Male) |
| 19:59 | Create | Hussite Wagon |
| 20:14 | Create | Villager (Male) |
| 20:14 | Create | Villager (Male) |
| 20:27 | Build | Farm |
| 20:32 | Build | Farm |
| 20:52 | Research | Fervor |
| 20:56 | Create | Hussite Wagon |
| 20:56 | Create | Hussite Wagon |
| 21:12 | Create | Villager (Male) |
| 21:12 | Create | Villager (Male) |
| 21:13 | Create | Villager (Male) |
| 21:17 | Build | Farm |
| 21:18 | Build | Farm |
| 21:22 | Build | Lumber Camp |
| 21:34 | Build | Farm |
| 21:35 | Build | Farm |
| 21:43 | Create | Villager (Male) |
| 21:43 | Create | Hussite Wagon |
| 21:43 | Create | Hussite Wagon |
| 21:47 | Create | Villager (Male) |
| 21:48 | Create | Villager (Male) |
| 21:50 | Build | Farm |
| 22:15 | Create | Hussite Wagon |
| 22:15 | Create | Villager (Male) |
| 22:16 | Create | Villager (Male) |
| 22:16 | Create | Villager (Male) |
| 22:35 | Create | Hussite Wagon |
| 22:36 | Create | Villager (Male) |
| 22:36 | Create | Villager (Male) |
| 22:39 | Build | Farm |
| 22:41 | Research | Horse Collar |
| 22:46 | Build | House |
| 22:47 | Build | House |
| 22:59 | Create | Hussite Wagon |
| 22:59 | Create | Hussite Wagon |
| 23:28 | Create | Hussite Wagon |
| 23:29 | Create | Villager (Male) |
| 23:29 | Create | Villager (Male) |
| 23:48 | Create | Villager (Male) |
| 23:49 | Create | Hussite Wagon |
| 23:49 | Create | Hussite Wagon |
| 23:53 | Build | Farm |
| 23:57 | Build | Farm |
| 23:59 | Build | Farm |
| 24:12 | Create | Hussite Wagon |
| 24:12 | Create | Villager (Male) |
| 24:13 | Create | Villager (Male) |
| 24:13 | Create | Villager (Male) |
| 24:22 | Build | Farm |
| 24:22 | Build | Farm |
| 24:23 | Build | Farm |
| 24:27 | Build | Farm |
| 24:35 | Create | Villager (Male) |
| 24:35 | Create | Villager (Male) |
| 24:35 | Create | Villager (Male) |
| 25:01 | Create | Villager (Male) |
| 25:02 | Create | Villager (Male) |
| 25:07 | Build | Farm |
| 25:09 | Build | Farm |
| 25:15 | Create | Hussite Wagon |
Build order — TmZ_ĐЯEW ♚☯
First 150 of 608 actions detected
| 0:01 | Create | Villager (Male) ×4 |
| 0:01 | Create | Villager (Male) ×4 |
| 0:02 | Build | House |
| 0:03 | Build | House |
| 1:34 | Create | Villager (Male) |
| 1:34 | Create | Villager (Male) |
| 2:04 | Create | Villager (Male) |
| 2:19 | Create | Villager (Male) |
| 2:19 | Create | Villager (Male) |
| 2:24 | Build | Lumber Camp |
| 2:54 | Create | Villager (Male) |
| 2:54 | Create | Villager (Male) |
| 3:11 | Create | Villager (Male) |
| 3:11 | Create | Villager (Male) |
| 3:35 | Build | Mill |
| 3:40 | Create | Villager (Male) |
| 3:40 | Create | Villager (Male) |
| 3:40 | Create | Villager (Male) |
| 4:08 | Create | Villager (Male) |
| 4:08 | Create | Villager (Male) |
| 4:08 | Create | Villager (Male) |
| 4:11 | Create | Villager (Male) |
| 4:11 | Create | Villager (Male) |
| 4:11 | Create | Villager (Male) |
| 5:01 | Create | Villager (Male) |
| 5:02 | Create | Villager (Male) |
| 5:02 | Create | Villager (Male) |
| 5:02 | Create | Villager (Male) |
| 5:18 | Create | Villager (Male) |
| 5:18 | Create | Villager (Male) |
| 5:18 | Create | Villager (Male) |
| 5:39 | Build | Mill |
| 5:40 | Create | Villager (Male) |
| 5:40 | Create | Villager (Male) |
| 5:46 | Research | Loom |
| 5:53 | Create | Villager (Male) |
| 6:10 | Create | Villager (Male) |
| 6:24 | Create | Villager (Male) |
| 6:44 | Create | Villager (Male) |
| 6:55 | Create | Villager (Male) |
| 6:56 | Create | Villager (Male) |
| 6:56 | Create | Villager (Male) |
| 6:56 | Create | Villager (Male) |
| 7:19 | Create | Villager (Male) |
| 7:19 | Create | Villager (Male) |
| 7:19 | Create | Villager (Male) |
| 7:34 | Create | Villager (Male) |
| 7:42 | Build | Palisade Wall |
| 7:45 | Build | Palisade Wall |
| 7:47 | Build | Palisade Gate |
| 7:50 | Build | Palisade Wall |
| 7:54 | Build | Palisade Wall |
| 8:31 | Build | Mining Camp |
| 8:42 | Research | Feudal Age |
| 9:56 | Build | Barracks |
| 10:14 | Build | House |
| 10:50 | Create | Villager (Male) |
| 10:50 | Create | Villager (Male) |
| 10:56 | Age | Feudal Age |
| 10:58 | Research | Double-Bit Axe |
| 11:13 | Create | Spearman |
| 11:25 | Create | Villager (Male) |
| 11:32 | Create | Spearman |
| 11:33 | Create | Villager (Male) |
| 11:40 | Create | Villager (Male) |
| 12:03 | Create | Villager (Male) |
| 12:03 | Create | Villager (Male) |
| 12:07 | Build | Stable |
| 12:28 | Create | Villager (Male) |
| 12:30 | Create | Spearman |
| 12:33 | Build | House |
| 12:51 | Create | Spearman |
| 13:11 | Create | Villager (Male) |
| 13:37 | Create | Spearman |
| 13:38 | Create | Villager (Male) |
| 13:49 | Build | Farm |
| 13:49 | Build | Farm |
| 13:49 | Build | Farm |
| 14:00 | Create | Villager (Male) |
| 14:31 | Create | Villager (Male) |
| 14:41 | Create | Villager (Male) |
| 14:47 | Build | Blacksmith |
| 15:04 | Research | Wheelbarrow |
| 15:05 | Research | Wheelbarrow |
| 15:23 | Research | Castle Age |
| 16:08 | Research | Horse Collar |
| 17:08 | Build | Mining Camp |
| 17:54 | Create | Spearman |
| 18:01 | Build | House |
| 18:05 | Build | House |
| 18:07 | Build | House |
| 18:09 | Build | House |
| 18:15 | Research | Town Watch |
| 18:48 | Create | Villager (Male) |
| 18:53 | Build | Farm |
| 18:53 | Build | Farm |
| 18:54 | Build | Farm |
| 18:54 | Build | Farm |
| 18:54 | Build | Farm |
| 18:59 | Age | Castle Age |
| 19:07 | Build | Town Center |
| 19:10 | Build | Town Center |
| 19:12 | Build | Town Center |
| 19:20 | Build | House |
| 19:23 | Create | Villager (Male) |
| 19:36 | Create | Villager (Male) |
| 19:36 | Create | Villager (Male) |
| 20:11 | Create | Villager (Male) |
| 20:14 | Research | Bow Saw |
| 20:16 | Create | Villager (Male) |
| 20:17 | Create | Villager (Male) |
| 20:22 | Create | Villager (Male) |
| 20:32 | Create | Villager (Male) |
| 20:35 | Create | Villager (Male) ×4 |
| 20:35 | Create | Villager (Male) ×4 |
| 20:36 | Create | Villager (Male) ×4 |
| 20:53 | Build | Market |
| 20:58 | Create | Villager (Male) |
| 20:58 | Create | Villager (Male) |
| 20:58 | Create | Villager (Male) |
| 21:05 | Create | Villager (Male) |
| 21:05 | Create | Villager (Male) |
| 21:05 | Create | Villager (Male) |
| 21:33 | Create | Villager (Male) |
| 21:33 | Create | Villager (Male) |
| 21:33 | Create | Villager (Male) |
| 21:33 | Create | Villager (Male) |
| 21:36 | Create | Villager (Male) |
| 21:36 | Create | Villager (Male) |
| 21:44 | Build | Mill |
| 21:45 | Build | Farm |
| 21:45 | Build | Farm |
| 21:45 | Build | Farm |
| 21:45 | Build | Farm |
| 21:45 | Build | Farm |
| 21:46 | Build | Farm |
| 21:46 | Build | Farm |
| 21:46 | Build | Farm |
| 21:46 | Build | Farm |
| 21:46 | Build | Farm |
| 21:47 | Build | Farm |
| 21:47 | Build | Farm |
| 21:47 | Build | Farm |
| 21:47 | Build | Farm |
| 21:47 | Build | Farm |
| 21:48 | Build | Farm |
| 21:48 | Build | Farm |
| 21:48 | Build | Farm |
| 21:48 | Build | Farm |
| 21:49 | Build | Farm |
Build order — EXILE | TurtleS3
First 150 of 432 actions detected
| 0:02 | Create | Villager (Male) |
| 0:02 | Create | Villager (Male) |
| 0:04 | Build | House |
| 0:06 | Build | House |
| 0:29 | Create | Villager (Male) |
| 0:29 | Create | Villager (Male) |
| 1:36 | Create | Villager (Male) |
| 1:36 | Create | Villager (Male) |
| 2:03 | Create | Villager (Male) |
| 2:03 | Create | Villager (Male) |
| 2:14 | Build | Lumber Camp |
| 2:25 | Create | Villager (Male) |
| 2:25 | Create | Villager (Male) |
| 2:43 | Create | Villager (Male) |
| 2:44 | Create | Villager (Male) |
| 2:53 | Create | Villager (Male) |
| 2:54 | Create | Villager (Male) |
| 3:22 | Create | Villager (Male) |
| 3:22 | Create | Villager (Male) |
| 3:30 | Build | House |
| 3:46 | Build | House |
| 3:57 | Build | Palisade Wall |
| 3:58 | Build | Palisade Wall |
| 3:58 | Build | Palisade Wall |
| 4:12 | Create | Villager (Male) |
| 4:12 | Create | Villager (Male) |
| 4:24 | Build | Palisade Wall |
| 4:34 | Create | Villager (Male) |
| 4:35 | Create | Villager (Male) |
| 4:44 | Build | House |
| 4:51 | Build | Palisade Gate |
| 5:09 | Create | Villager (Male) |
| 5:10 | Create | Villager (Male) |
| 6:08 | Create | Villager (Male) |
| 6:17 | Build | Mill |
| 6:27 | Create | Villager (Male) |
| 6:41 | Create | Villager (Male) |
| 6:59 | Create | Villager (Male) |
| 7:37 | Create | Villager (Male) |
| 7:59 | Create | Villager (Male) |
| 8:06 | Build | Mining Camp |
| 8:39 | Research | Feudal Age |
| 8:55 | Build | Farm |
| 9:16 | Build | Farm |
| 9:28 | Build | Farm |
| 9:53 | Create | Villager (Male) |
| 10:03 | Build | Farm |
| 10:57 | Age | Feudal Age |
| 11:02 | Build | Market |
| 11:08 | Build | Blacksmith |
| 11:15 | Create | Villager (Male) |
| 11:41 | Create | Villager (Male) |
| 11:56 | Build | Mining Camp |
| 12:08 | Research | Castle Age |
| 12:09 | Research | Castle Age |
| 12:09 | Research | Castle Age |
| 12:28 | Research | Double-Bit Axe |
| 12:29 | Research | Double-Bit Axe |
| 13:21 | Research | Horse Collar |
| 13:21 | Research | Horse Collar |
| 13:21 | Research | Horse Collar |
| 13:40 | Build | House |
| 13:46 | Create | Villager (Male) |
| 13:56 | Research | Stone Mining |
| 14:04 | Build | House |
| 14:52 | Age | Castle Age |
| 15:01 | Create | Villager (Male) |
| 15:14 | Build | Castle |
| 15:20 | Build | Lumber Camp |
| 15:25 | Create | Villager (Male) |
| 15:31 | Build | Farm |
| 15:50 | Research | Fletching |
| 15:53 | Create | Villager (Male) |
| 16:20 | Create | Villager (Male) |
| 16:30 | Create | Unit 1968 |
| 16:33 | Create | Villager (Male) |
| 16:49 | Create | Villager (Male) |
| 16:50 | Create | Unit 1968 |
| 17:02 | Create | Villager (Male) |
| 17:09 | Build | Town Center |
| 17:21 | Create | Unit 1968 |
| 17:24 | Research | Gold Mining |
| 17:25 | Research | Gold Mining |
| 17:32 | Build | Farm |
| 17:52 | Create | Unit 1968 |
| 17:58 | Create | Villager (Male) |
| 18:09 | Create | Villager (Male) |
| 18:14 | Build | Farm |
| 18:16 | Build | Farm |
| 18:17 | Create | Unit 1968 |
| 18:18 | Create | Villager (Male) |
| 18:19 | Create | Villager (Male) |
| 18:30 | Create | Unit 1968 |
| 18:32 | Create | Villager (Male) |
| 18:35 | Build | Farm |
| 18:42 | Build | Farm |
| 18:47 | Create | Villager (Male) |
| 18:57 | Create | Villager (Male) |
| 18:58 | Create | Unit 1968 |
| 19:17 | Create | Unit 1968 |
| 19:31 | Create | Villager (Male) |
| 19:31 | Create | Villager (Male) |
| 19:34 | Build | Farm |
| 19:37 | Create | Unit 1968 |
| 19:37 | Create | Unit 1968 |
| 19:49 | Create | Villager (Male) |
| 19:56 | Create | Villager (Male) |
| 19:56 | Create | Villager (Male) |
| 20:10 | Build | Farm |
| 20:11 | Build | Farm |
| 20:13 | Build | Farm |
| 20:14 | Build | Farm |
| 20:21 | Create | Unit 1968 |
| 20:21 | Create | Villager (Male) |
| 20:25 | Create | Villager (Male) |
| 20:28 | Build | Farm |
| 20:36 | Create | Villager (Male) |
| 20:36 | Create | Villager (Male) |
| 20:41 | Build | Mill |
| 20:42 | Build | Farm |
| 20:43 | Build | Farm |
| 20:44 | Build | Farm |
| 20:44 | Build | Farm |
| 21:06 | Create | Villager (Male) |
| 21:07 | Create | Villager (Male) |
| 21:07 | Create | Unit 1968 |
| 21:12 | Create | Villager (Male) |
| 21:15 | Build | Farm |
| 21:17 | Build | House |
| 21:20 | Build | House |
| 21:25 | Create | Unit 1968 |
| 21:40 | Build | Farm |
| 21:42 | Build | Farm |
| 21:44 | Create | Villager (Male) |
| 21:44 | Create | Villager (Male) |
| 21:46 | Build | Farm |
| 21:48 | Create | Unit 1968 |
| 21:54 | Create | Villager (Male) |
| 22:04 | Create | Villager (Male) |
| 22:04 | Create | Villager (Male) |
| 22:08 | Create | Unit 1968 |
| 22:22 | Create | Unit 1968 |
| 22:49 | Create | Villager (Male) |
| 23:01 | Create | Unit 1968 |
| 23:02 | Create | Villager (Male) |
| 23:02 | Create | Villager (Male) |
| 23:12 | Create | Villager (Male) |
| 23:13 | Create | Villager (Male) |
| 23:13 | Create | Villager (Male) |
| 23:15 | Create | Unit 1968 |
Build order — chalker~
First 150 of 292 actions detected
| 0:01 | Create | Villager (Male) |
| 0:01 | Create | Villager (Male) |
| 0:01 | Create | Villager (Male) |
| 0:03 | Build | House |
| 0:05 | Build | House |
| 0:32 | Create | Villager (Male) |
| 0:33 | Create | Villager (Male) |
| 1:30 | Create | Villager (Male) |
| 1:30 | Create | Villager (Male) |
| 1:50 | Build | Lumber Camp |
| 2:01 | Create | Villager (Male) |
| 2:01 | Create | Villager (Male) |
| 2:17 | Create | Villager (Male) |
| 2:50 | Create | Villager (Male) |
| 3:14 | Create | Villager (Male) |
| 3:14 | Create | Villager (Male) |
| 3:40 | Create | Villager (Male) |
| 3:47 | Build | House |
| 4:12 | Create | Villager (Male) |
| 4:22 | Create | Villager (Male) |
| 4:27 | Create | Villager (Male) |
| 4:40 | Build | House |
| 4:43 | Build | Palisade Wall |
| 5:03 | Create | Villager (Male) |
| 5:15 | Create | Villager (Male) |
| 5:31 | Build | Mill |
| 5:39 | Create | Villager (Male) |
| 5:45 | Create | Villager (Male) |
| 6:31 | Build | Mill |
| 6:37 | Build | Mill |
| 6:41 | Build | House |
| 6:51 | Create | Villager (Male) |
| 6:52 | Create | Villager (Male) |
| 7:13 | Build | House |
| 7:35 | Create | Villager (Male) |
| 7:36 | Create | Villager (Male) |
| 7:47 | Build | Palisade Gate |
| 7:49 | Build | Palisade Wall |
| 7:50 | Build | Palisade Wall |
| 7:51 | Build | Palisade Wall |
| 8:17 | Create | Villager (Male) |
| 8:48 | Create | Villager (Male) |
| 8:53 | Build | Mining Camp |
| 9:14 | Research | Feudal Age |
| 9:55 | Create | Villager (Male) |
| 10:34 | Create | Villager (Male) |
| 11:17 | Build | Barracks |
| 11:24 | Age | Feudal Age |
| 11:31 | Build | Market |
| 11:34 | Create | Villager (Male) |
| 11:44 | Build | Blacksmith |
| 12:11 | Create | Villager (Male) |
| 12:52 | Research | Castle Age |
| 12:52 | Research | Castle Age |
| 12:57 | Build | Barracks |
| 13:06 | Build | Barracks |
| 13:38 | Create | Villager (Male) |
| 13:49 | Build | House |
| 13:50 | Create | Villager (Male) |
| 13:56 | Build | Archery Range |
| 14:02 | Research | Fletching |
| 14:19 | Build | Lumber Camp |
| 14:58 | Create | Spearman |
| 14:58 | Create | Spearman |
| 15:37 | Create | Villager (Male) |
| 15:44 | Age | Castle Age |
| 15:48 | Build | Stable |
| 16:18 | Create | Knight |
| 16:18 | Create | Knight |
| 16:18 | Create | Knight |
| 16:18 | Create | Knight |
| 17:00 | Create | Villager (Male) |
| 17:01 | Create | Villager (Male) |
| 17:08 | Build | Farm |
| 17:31 | Build | Farm |
| 17:49 | Build | Farm |
| 17:50 | Build | Farm |
| 18:02 | Build | Farm |
| 18:22 | Create | Villager (Male) |
| 18:43 | Build | Farm |
| 19:02 | Create | Villager (Male) |
| 19:04 | Build | Farm |
| 19:34 | Build | Farm |
| 19:49 | Create | Villager (Male) |
| 19:50 | Create | Villager (Male) |
| 20:32 | Create | Villager (Male) |
| 20:32 | Create | Villager (Male) |
| 20:41 | Build | Town Center |
| 20:51 | Research | Double-Bit Axe |
| 20:52 | Research | Double-Bit Axe |
| 20:53 | Create | Villager (Male) |
| 20:57 | Build | Farm |
| 21:00 | Build | Farm |
| 21:05 | Create | Villager (Male) |
| 21:25 | Build | Farm |
| 21:46 | Create | Villager (Male) |
| 21:50 | Build | Farm |
| 21:51 | Create | Villager (Male) |
| 22:00 | Create | Villager (Male) |
| 22:13 | Create | Knight |
| 22:13 | Create | Knight |
| 22:18 | Build | Farm |
| 22:36 | Create | Villager (Male) |
| 22:38 | Create | Villager (Male) |
| 22:41 | Build | Farm |
| 22:57 | Create | Spearman |
| 22:57 | Create | Spearman |
| 23:04 | Create | Spearman |
| 23:09 | Build | Farm |
| 23:16 | Create | Villager (Male) |
| 23:16 | Create | Villager (Male) |
| 23:30 | Build | Barracks |
| 23:39 | Research | Scale Mail Armor |
| 23:44 | Build | Farm |
| 23:49 | Create | Villager (Male) |
| 24:01 | Create | Villager (Male) |
| 24:13 | Create | Villager (Male) |
| 24:13 | Create | Villager (Male) |
| 24:18 | Create | Spearman |
| 25:04 | Create | Villager (Male) |
| 25:07 | Create | Villager (Male) |
| 25:07 | Create | Villager (Male) |
| 25:11 | Create | Villager (Male) |
| 25:15 | Build | Farm |
| 25:20 | Build | Farm |
| 25:20 | Build | Farm |
| 25:20 | Build | Farm |
| 25:39 | Research | Pikeman (upgrade) |
| 25:39 | Research | Squires |
| 25:46 | Create | Spearman |
| 25:47 | Create | Spearman |
| 25:47 | Create | Villager (Male) |
| 25:48 | Create | Villager (Male) |
| 25:53 | Build | Farm |
| 25:56 | Create | Villager (Male) |
| 26:02 | Build | House |
| 26:02 | Build | House |
| 26:04 | Build | House |
| 26:05 | Build | House |
| 26:39 | Create | Villager (Male) |
| 26:39 | Create | Villager (Male) |
| 26:41 | Build | Farm |
| 26:46 | Research | Bow Saw |
| 26:47 | Research | Bow Saw |
| 26:51 | Build | Lumber Camp |
| 26:53 | Create | Villager (Male) |
| 27:05 | Create | Spearman |
| 27:05 | Create | Spearman |
| 27:05 | Create | Spearman |
| 27:06 | Create | Spearman |
Build order — Ivan_fan_of_Mafusail
First 150 of 356 actions detected
| 0:02 | Create | Villager (Male) |
| 0:03 | Create | Villager (Male) |
| 0:03 | Create | Villager (Male) |
| 0:05 | Build | House |
| 0:07 | Build | House |
| 0:56 | Create | Villager (Male) |
| 0:56 | Create | Villager (Male) |
| 1:27 | Create | Villager (Male) |
| 1:28 | Create | Villager (Male) |
| 1:51 | Build | Lumber Camp |
| 2:01 | Create | Villager (Male) |
| 2:01 | Create | Villager (Male) |
| 2:24 | Create | Villager (Male) |
| 2:24 | Create | Villager (Male) |
| 2:54 | Create | Villager (Male) |
| 2:54 | Create | Villager (Male) |
| 2:54 | Create | Villager (Male) |
| 3:32 | Build | House |
| 3:55 | Create | Villager (Male) |
| 4:15 | Create | Villager (Male) |
| 4:15 | Create | Villager (Male) |
| 4:34 | Create | Villager (Male) |
| 4:35 | Create | Villager (Male) |
| 5:00 | Build | Mill |
| 5:05 | Create | Villager (Male) |
| 5:36 | Create | Villager (Male) |
| 5:37 | Create | Villager (Male) |
| 5:51 | Create | Villager (Male) |
| 6:11 | Build | House |
| 6:15 | Build | Barracks |
| 6:51 | Create | Villager (Male) |
| 7:17 | Research | Feudal Age |
| 7:18 | Research | Feudal Age |
| 7:23 | Build | House |
| 7:29 | Research | Loom |
| 8:07 | Build | Palisade Gate |
| 8:16 | Build | House |
| 8:25 | Create | Villager (Male) |
| 8:25 | Create | Villager (Male) |
| 9:27 | Age | Feudal Age |
| 9:30 | Build | Stable |
| 9:37 | Research | Double-Bit Axe |
| 9:38 | Research | Horse Collar |
| 10:03 | Build | Farm |
| 10:06 | Create | Villager (Male) |
| 10:07 | Create | Villager (Male) |
| 10:15 | Create | Scout Cavalry |
| 10:16 | Create | Scout Cavalry |
| 10:26 | Build | Farm |
| 10:50 | Build | Farm |
| 10:53 | Create | Villager (Male) |
| 10:57 | Create | Scout Cavalry |
| 11:10 | Create | Villager (Male) |
| 11:15 | Build | Farm |
| 11:24 | Build | Farm |
| 11:37 | Create | Scout Cavalry |
| 11:38 | Create | Villager (Male) |
| 11:47 | Build | Farm |
| 11:50 | Build | Farm |
| 12:12 | Create | Scout Cavalry |
| 12:13 | Create | Villager (Male) |
| 12:20 | Build | Blacksmith |
| 12:28 | Build | House |
| 12:44 | Create | Scout Cavalry |
| 12:47 | Create | Scout Cavalry |
| 13:29 | Create | Scout Cavalry |
| 13:30 | Create | Villager (Male) |
| 13:31 | Create | Villager (Male) |
| 13:34 | Build | Farm |
| 13:35 | Build | Farm |
| 13:38 | Build | Farm |
| 13:52 | Research | Scale Barding Armor |
| 13:53 | Research | Scale Barding Armor |
| 13:53 | Research | Scale Barding Armor |
| 13:57 | Build | Farm |
| 14:00 | Build | Farm |
| 14:04 | Build | Farm |
| 14:08 | Research | Loom |
| 14:12 | Create | Villager (Male) |
| 14:33 | Create | Scout Cavalry |
| 14:42 | Create | Villager (Male) |
| 14:45 | Build | Farm |
| 14:45 | Build | Farm |
| 14:45 | Build | Farm |
| 14:46 | Build | Farm |
| 14:46 | Build | Farm |
| 15:05 | Create | Scout Cavalry |
| 15:06 | Create | Scout Cavalry |
| 15:08 | Create | Villager (Male) |
| 15:10 | Build | House |
| 15:10 | Build | House |
| 15:10 | Build | House |
| 15:38 | Create | Villager (Male) |
| 15:38 | Create | Villager (Male) |
| 16:19 | Create | Scout Cavalry |
| 16:19 | Create | Scout Cavalry |
| 16:20 | Create | Villager (Male) |
| 16:20 | Create | Villager (Male) |
| 16:28 | Build | Mining Camp |
| 16:32 | Build | House |
| 17:44 | Create | Villager (Male) |
| 17:44 | Create | Villager (Male) |
| 18:04 | Create | Scout Cavalry |
| 18:04 | Create | Scout Cavalry |
| 18:06 | Create | Villager (Male) |
| 18:13 | Build | Mill |
| 18:14 | Build | Farm |
| 18:14 | Build | Farm |
| 18:14 | Build | Farm |
| 18:14 | Build | Farm |
| 18:15 | Build | Farm |
| 18:15 | Build | Farm |
| 18:15 | Build | Farm |
| 19:03 | Research | Castle Age |
| 19:03 | Research | Castle Age |
| 19:24 | Build | Farm |
| 19:26 | Build | Farm |
| 19:33 | Research | Gold Mining |
| 19:36 | Build | Lumber Camp |
| 19:38 | Create | Scout Cavalry |
| 19:40 | Create | Scout Cavalry |
| 19:56 | Build | Stable |
| 20:12 | Research | Wheelbarrow |
| 20:48 | Research | Bloodlines |
| 20:49 | Create | Scout Cavalry |
| 20:49 | Create | Scout Cavalry |
| 20:57 | Create | Scout Cavalry |
| 20:57 | Create | Scout Cavalry |
| 21:43 | Age | Castle Age |
| 21:49 | Research | Light Cavalry (upgrade) |
| 21:49 | Research | Husbandry |
| 22:00 | Build | House |
| 22:05 | Research | Chain Barding Armor |
| 22:18 | Build | Town Center |
| 22:25 | Create | Villager (Male) |
| 22:26 | Create | Villager (Male) |
| 23:02 | Create | Knight |
| 23:02 | Create | Scout Cavalry |
| 23:10 | Research | Bow Saw |
| 23:16 | Create | Villager (Male) |
| 23:42 | Create | Scout Cavalry |
| 23:42 | Create | Scout Cavalry |
| 23:42 | Create | Scout Cavalry |
| 23:43 | Create | Scout Cavalry |
| 23:49 | Build | House |
| 23:49 | Build | House |
| 23:50 | Build | House |
| 23:50 | Build | House |
| 23:50 | Build | House |
| 23:55 | Research | Loom |
Match timeline
| 2:39 | I'm The Viper · wall_segment Palisade Wall x1 |
| 2:40 | I'm The Viper · wall_segment Palisade Wall x1 |
| 2:41 | I'm The Viper · wall_segment Palisade Wall x1 |
| 3:37 | I'm The Viper · wall_segment Palisade Wall x1 |
| 3:38 | I'm The Viper · wall_segment Palisade Wall x1 |
| 3:55 | I'm The Viper · wall_segment Palisade Wall x1 |
| 3:57 | EXILE | TurtleS3 · wall_segment Palisade Wall x1 |
| 3:58 | EXILE | TurtleS3 · wall_segment Palisade Wall x1 |
| 3:58 | EXILE | TurtleS3 · wall_segment Palisade Wall x1 |
| 4:00 | I'm The Viper · wall_segment Palisade Wall x1 |
| 4:24 | EXILE | TurtleS3 · wall_segment Palisade Wall x1 |
| 4:43 | I'm The Viper · wall_segment Palisade Wall x1 |
| 4:43 | chalker~ · wall_segment Palisade Wall x3 |
| 5:13 | xX ErCabEe Xx · wall_segment Palisade Wall x3 |
| 5:39 | [FeiFe]Liber · wall_segment Palisade Wall x3 |
| 6:15 | [FeiFe]Liber · wall_segment Palisade Wall x1 |
| 6:15 | Ivan_fan_of_Mafusail · first_building Barracks |
| 6:15 | [FeiFe]Liber · wall_segment Palisade Wall x1 |
| 7:12 | [FeiFe]Liber · wall_segment Palisade Wall x1 |
| 7:42 | TmZ_ĐЯEW ♚☯ · wall_segment Palisade Wall x1 |
| 7:43 | xX ErCabEe Xx · first_building Barracks |
| 7:45 | TmZ_ĐЯEW ♚☯ · wall_segment Palisade Wall x7 |
| 7:49 | chalker~ · wall_segment Palisade Wall x1 |
| 7:50 | TmZ_ĐЯEW ♚☯ · wall_segment Palisade Wall x2 |
| 7:50 | chalker~ · wall_segment Palisade Wall x1 |
| 7:51 | chalker~ · wall_segment Palisade Wall x1 |
| 7:54 | TmZ_ĐЯEW ♚☯ · wall_segment Palisade Wall x1 |
| 8:08 | ImPerez22 · first_building Barracks |
| 8:56 | ImPerez22 · age_up feudal |
| 9:07 | ImPerez22 · wall_segment Stone Wall x3 |
| 9:11 | ImPerez22 · first_building Stable |
| 9:16 | [FeiFe]Liber · wall_segment Palisade Wall x1 |
| 9:27 | Ivan_fan_of_Mafusail · age_up feudal |
| 9:30 | Ivan_fan_of_Mafusail · first_building Stable |
| 9:36 | xX ErCabEe Xx · first_building Archery Range |
| 9:56 | TmZ_ĐЯEW ♚☯ · first_building Barracks |
| 10:27 | [FeiFe]Liber · age_up feudal |
| 10:56 | TmZ_ĐЯEW ♚☯ · age_up feudal |
| 10:57 | EXILE | TurtleS3 · age_up feudal |
| 11:09 | I'm The Viper · age_up feudal |
| 11:17 | chalker~ · first_building Barracks |
| 11:24 | chalker~ · age_up feudal |
| 12:07 | TmZ_ĐЯEW ♚☯ · first_building Stable |
| 12:36 | ImPerez22 · first_market_sell 100 stone |
| 13:56 | chalker~ · first_building Archery Range |
| 14:04 | [FeiFe]Liber · age_up castle |
| 14:15 | [FeiFe]Liber · first_building Siege Workshop |
| 14:45 | I'm The Viper · age_up castle |
| 14:52 | EXILE | TurtleS3 · age_up castle |
| 14:59 | ImPerez22 · first_market_buy 100 food |
| 15:05 | I'm The Viper · first_building Castle |
| 15:14 | EXILE | TurtleS3 · first_building Castle |
| 15:44 | chalker~ · age_up castle |
| 15:48 | chalker~ · first_building Stable |
| 16:47 | [FeiFe]Liber · first_building Barracks |
| 17:00 | I'm The Viper · first_market_buy 100 wood |
| 17:08 | I'm The Viper · first_market_sell 100 stone |
| 17:51 | EXILE | TurtleS3 · first_market_sell 100 wood |
| 17:58 | I'm The Viper · first_building Monastery |
| 18:02 | ImPerez22 · wall_segment Stone Wall x11 |
| 18:10 | [FeiFe]Liber · first_building Archery Range |
| 18:12 | ImPerez22 · age_up castle |
| 18:59 | TmZ_ĐЯEW ♚☯ · age_up castle |
| 19:20 | xX ErCabEe Xx · first_market_sell 100 wood |
| 20:36 | xX ErCabEe Xx · first_building Stable |
| 21:10 | xX ErCabEe Xx · wall_segment Stone Wall x2 |
| 21:43 | Ivan_fan_of_Mafusail · age_up castle |
| 21:52 | TmZ_ĐЯEW ♚☯ · first_market_buy 100 food |
| 22:59 | [FeiFe]Liber · first_market_sell 100 wood |
| 23:28 | TmZ_ĐЯEW ♚☯ · wall_segment Stone Wall x1 |
| 24:43 | chalker~ · first_market_sell 100 food |
| 25:06 | xX ErCabEe Xx · first_market_buy 100 stone |
| 25:16 | ImPerez22 · first_building Castle |
| 25:37 | chalker~ · first_market_buy 100 food |
| 26:29 | EXILE | TurtleS3 · first_market_buy 100 stone |
| 27:42 | TmZ_ĐЯEW ♚☯ · first_building Castle |
| 28:11 | TmZ_ĐЯEW ♚☯ · wall_segment Palisade Wall x1 |
| 29:05 | chalker~ · first_building Monastery |
| 29:26 | [FeiFe]Liber · first_building Castle |
| 29:45 | ImPerez22 · first_building Siege Workshop |
| 30:03 | TmZ_ĐЯEW ♚☯ · first_market_sell 100 wood |
| 30:36 | xX ErCabEe Xx · first_building Castle |
| 30:51 | Ivan_fan_of_Mafusail · first_building Monastery |
| 31:38 | I'm The Viper · age_up imperial |
| 32:08 | ImPerez22 · age_up imperial |
| 33:24 | [FeiFe]Liber · age_up imperial |
| 33:29 | TmZ_ĐЯEW ♚☯ · age_up imperial |
| 34:12 | EXILE | TurtleS3 · wall_segment Palisade Wall x1 |
| 34:13 | EXILE | TurtleS3 · wall_segment Palisade Wall x1 |
| 35:08 | xX ErCabEe Xx · first_building Siege Workshop |
| 35:36 | Ivan_fan_of_Mafusail · age_up imperial |
| 35:46 | EXILE | TurtleS3 · first_building Siege Workshop |
| 36:28 | EXILE | TurtleS3 · age_up imperial |
| 36:57 | Ivan_fan_of_Mafusail · first_market_sell 500 food |
| 37:56 | TmZ_ĐЯEW ♚☯ · wall_segment Stone Wall x1 |
| 37:57 | TmZ_ĐЯEW ♚☯ · wall_segment Stone Wall x1 |
| 38:01 | chalker~ · age_up imperial |
| 39:59 | TmZ_ĐЯEW ♚☯ · resign |
[ AI ANALYSIS · 1 CREDIT ]
What really happened in this match?
Wolo.gg analyzes every decision: build order, eco, micro, common mistakes by bracket. Personalized analysis on WhatsApp or Discord in 30 seconds.
Civ guide
Persians
Perfil
Jugador #5043487